 Dungeon Crawl Stone Soup version 0.17-a0-2070-g2a5e0a8 (webtiles) character file.

2277 Morbidden the Cleaver (level 9, -2/52 HPs)
             Began as a Gargoyle Fighter on Oct 14, 2015.
             Was an Initiate of Okawaru.
             Slain by an orc warrior
             ... wielding a +0 halberd
              (15 damage)
             ... on level 7 of the Dungeon.
             The game lasted 00:17:08 (5293 turns).

Morbidden the Cleaver (Gargoyle Fighter)            Turns: 5293, Time: 00:17:08

Health: -2/52      AC: 16    Str: 23    XL:     9   Next: 39%
Magic:  9/9        EV: 10    Int:  9    God:    Okawaru [......]
Gold:   299        SH:  0    Dex:  9    Spells: 0 memorised, 8 levels left

rFire  . . .     SeeInvis .     a - +1 war axe
rCold  . . .     Clarity  .     b - +0 scale mail
rNeg   + + .     SustAt   .     (no shield)
rPois  ∞         Gourm    .     (no helmet)
rElec  +         Spirit   .     H - +0 cloak
rCorr  .         Warding  +     x - +1 pair of gloves
rMut   .         Stasis   .     (no boots)
MR     .....                    u - amulet of warding
Stlth  ..........               (no ring)
                                (no ring)

@: not resistant to hostile enchantments, extremely unstealthy
A: negative energy resistance 1, electricity resistance, unbreathing,
petrification resistance, rot immunity, AC +5
a: Renounce Religion


You were on level 7 of the Dungeon.
You worshipped Okawaru.
Okawaru was noncommittal.
You were hungry.

You visited 2 branches of the dungeon, and saw 8 of its levels.

You collected 299 gold pieces.

Inventory:

Hand Weapons
 a - a +1 war axe (weapon)
Armour
 b - a +0 scale mail (worn)
 c - a +0 shield
 x - a +1 pair of gloves (worn)
 H - a +0 cloak (worn)
Jewellery
 u - an amulet of warding (around neck)
Wands
 A - a wand of paralysis (6)
Scrolls
 f - a scroll of recharging {unknown}
 g - 2 scrolls of enchant weapon
 i - 2 scrolls of random uselessness {unknown}
 k - a scroll of identify
 m - 2 scrolls of blinking {unknown}
 r - a scroll of magic mapping {unknown}
 s - 2 scrolls of fog {unknown}
 t - a scroll of amnesia {unknown}
 v - a scroll of noise {unknown}
 w - a scroll of enchant armour {unknown}
 y - a scroll of fear {unknown}
 B - 2 scrolls of remove curse {unknown}
 D - a scroll of holy word {unknown}
 G - 3 scrolls of teleportation {unknown}
 I - a scroll of immolation {unknown}
 J - a scroll of torment {unknown}
Potions
 d - 3 potions of might
 j - a potion of cancellation
 n - a potion of flight
 o - a potion of agility {unknown}
 p - 2 potions of curing {unknown}
 q - a potion of brilliance {unknown}
 C - a potion of lignification {unknown}
 E - 2 potions of resistance
 F - a potion of invisibility {unknown}
 L - a potion of heal wounds
Comestibles
 e - 5 bread rations
 h - 2 meat rations
 l - a slice of pizza
 z - 4 beef jerkies
 K - 2 chunks of flesh


   Skills:
 + Level 3.8 Fighting
 * Level 10.8 Axes
 + Level 4.0 Armour
 + Level 1.4 Dodging
 - Level 0.5 Stealth
 - Level 3.2 Shields


You had 8 spell levels left.
You didn't know any spells.

Dungeon Overview and Level Annotations

Branches:
Dungeon (7/15)             Temple (1/1) D:7

Altars:
Cheibriados
Dithmenos
Elyvilon
Gozag
Kikubaaqudgha
Makhleb
Nemelex Xobeh
Okawaru
Qazlal
Ru
Sif Muna
Trog
Vehumet
Xom
Yredelemnul
Zin

Shops:
D:7 [


Innate Abilities, Weirdness & Mutations

You are resistant to torment.
Your stone body is resilient (AC +5).
You are immune to poison.
You resist negative energy.
You are resistant to electric shocks.
You can survive without breathing.
You are immune to petrification.
You are immune to rotting.


Message History

Okawaru accepts your kill.
Your Armour skill increases to level 4!
You slash the orc!
You kill the orc!
Okawaru accepts your kill.
The orc warrior hits you with a halberd!
* * * LOW HITPOINT WARNING * * *
You are too injured to fight recklessly!
You are too injured to fight recklessly!
You are too injured to fight recklessly!
You are too injured to fight recklessly!
You closely miss the orc warrior.
The orc warrior is moderately wounded.
You closely miss the orc warrior.
The orc warrior is moderately wounded.
The orc warrior hits you but does no damage.
You hit the orc warrior.
The orc warrior is moderately wounded.
The orc warrior hits you with a halberd!
You die...

..###.....##+##+#...#.####....###
#...###....†.......## #...#'##..
'...'.+......####### +...'.....
#...#+#......# #...#.....
###........#+# #......###
#........'.## ##+##+......#
#........#..## #....##......#
##'#######$..##o....###+#...#
#....# #..#..@[....# +...# ######
#####.)##...# #...# #### ##


You could see an orc warrior.

Vanquished Creatures
  Grinder (D:5)
  Prince Ribbit (D:7)
  Menkaure (D:5)
  2 water moccasins
  A phantom (D:7)
  2 orc warriors
  An ice beast (D:5)
  A sky beast (D:6)
  A necrophage (D:6)
  Blork the orc (D:6)
  3 killer bees (D:5)
  5 wights (D:6)
  Crazy Yiuf (D:6)
  Ijyb (D:3)
  3 hounds
  A jelly (D:5)
  2 iguanas
  A giant frog skeleton (D:7)
  4 worker ants
  An orc wizard (D:7)
  A hound skeleton (D:5)
  A hound zombie (D:5)
  A worker ant zombie (D:5)
  4 adders
  A shadow imp (D:5)
  2 oozes
  4 worms
  5 giant geckos
  15 orcs
  5 bats
  5 giant cockroaches
  5 hobgoblins
  3 jackals (D:5)
  6 kobolds
  A quokka (D:5)
  5 giant newts
  10 goblins
  4 rats
112 creatures vanquished.

Notes
Turn   | Place    | Note
--------------------------------------------------------------
     0 | D:1      | Morbidden the Gargoyle Fighter began the quest for the Orb.
     0 | D:1      | Reached XP level 1. HP: 14/14 MP: 1/1
   209 | D:1      | Reached XP level 2. HP: 17/19 MP: 2/2
   906 | D:2      | Reached XP level 3. HP: 20/23 MP: 3/3
  1120 | D:2      | Found a basalt altar of Yredelemnul.
  1204 | D:2      | Reached XP level 4. HP: 18/28 MP: 4/4
  1264 | D:3      | Noticed Ijyb
  1296 | D:3      | Killed Ijyb
  1296 | D:3      | Reached skill level 4 in Axes
  1926 | D:4      | Reached XP level 5. HP: 29/32 MP: 5/5
  2011 | D:4      | Reached skill level 5 in Axes
  2337 | D:5      | Entered Level 5 of the Dungeon
  2457 | D:5      | Reached XP level 6. HP: 26/37 MP: 6/6
  2476 | D:5      | Reached skill level 6 in Axes
  2754 | D:5      | Noticed Menkaure
  2762 | D:5      | Killed Menkaure
  2762 | D:5      | Reached XP level 7. HP: 22/41 MP: 7/7
  2845 | D:5      | Reached skill level 7 in Axes
  2872 | D:5      | Noticed Grinder
  2884 | D:5      | Killed Grinder
  3278 | D:5      | Reached skill level 8 in Axes
  3278 | D:5      | Reached XP level 8. HP: 21/46 MP: 8/8
  3485 | D:6      | Noticed Blork the orc
  3503 | D:6      | Killed Blork the orc
  3503 | D:6      | Reached skill level 9 in Axes
  4086 | D:6      | Reached skill level 10 in Axes
  4115 | D:6      | Noticed Crazy Yiuf
  4120 | D:6      | Paralysed by Crazy Yiuf for 4 turns
  4128 | D:6      | Killed Crazy Yiuf
  4287 | D:7      | Reached XP level 9. HP: 46/51 MP: 9/9
  4570 | D:7      | Found Weybleim's Antique Armour Boutique.
  4642 | D:7      | Reached skill level 1 in Dodging
  4650 | D:7      | Found a staircase to the Ecumenical Temple.
  4716 | D:7      | Noticed Prince Ribbit
  4734 | D:7      | Killed Prince Ribbit
  4802 | Temple   | Entered the Ecumenical Temple
  4954 | Temple   | Became a worshipper of Warmaster Okawaru
  5293 | D:7      | Slain by an orc warrior

Vault maps used:
D:1:      zaba_arrival_water, minmay_hedge_maze
D:2:      serial_glass, glass_columns_b, glass_columns_b, glass_columns_b,
          glass_columns_b, first_bread, yredelemnul_altar_generic
D:3:      uniq_iyjb
D:5:      uniq_menkaure, uniq_grinder
D:6:      uniq_crazy_yiuf_cottage, uniq_blork_the_orc
D:7:      temple_doors_b, serial_shops, nicolae_shop_overgrown_old_shop,
          lightli_orcish_oven, uniq_prince_ribbit1
Temple:   minmay_crystal_snake_temple_18

Action                   |  1- 3 |  4- 6 |  7- 9 || total
-------------------------+-------+-------+-------++-------
Melee: War axe           |   109 |   138 |   275 ||   522
  Use: Scroll            |       |     2 |     3 ||     5
       Potion            |       |     1 |     4 ||     5
  Eat: Chunk             |     1 |     5 |     8 ||    14
